 Dungeon Crawl Stone Soup version 0.25-a0-804-g50c693f418 (webtiles) character file.

Game seed: 3593970344551612451, levelgen mode: deterministic

14113 Error4North the Cleaver (level 12, -43/103 HPs)
             Began as a Hill Orc Fighter on Apr 15, 2020.
             Was a High Priest of Okawaru.
             Killed from afar by a frost giant (61 damage)
             ... with a bolt of cold
             ... in an ice cave on Apr 19, 2020.
             The game lasted 00:52:04 (11781 turns).

Error4North the Cleaver (Hill Orc Fighter)         Turns: 11781, Time: 00:52:06

Health: -43/103    AC: 21    Str: 30    XL:     12   Next: 13%
Magic:  15/17      EV: 11    Int:  8    God:    Okawaru [*****.]
Gold:   841        SH:  0    Dex: 10    Spells: 18/18 levels left

rFire    + . .     SeeInvis .   s - +1 war axe (venom)
rCold    . . .     Gourm    .   c - +0 kite shield
rNeg     + . .     Faith    .   C - +0 plate armour
rPois    .         Spirit   .   r - +0 helmet
rElec    .         Reflect  .   J - +0 cloak
rCorr    .         Harm     .   z - +0 pair of gloves
MR       .....                  (no boots)
Stlth    ..........             K - amulet of regeneration
HPRegen  0.67/turn              p - +4 ring of strength
MPRegen  0.15/turn              F - ring of positive energy (curse)

@: confused, about to teleport, heroism, finesse, flying, studying Charms
A: fire resistance 1, sense surroundings 1, strong 1, evolution 1
a: Heroism, Finesse, Renounce Religion


You were in an ice cave.
You worshipped Okawaru.
Okawaru was extremely pleased with you.
You were not hungry.

You visited 3 branches of the dungeon, and saw 13 of its levels.
You also visited: Ice Cave.

You collected 841 gold pieces.

Inventory:

Hand Weapons
 o - the +6 executioner's axe of Jutumuit {vorpal, rC+ Str+4 SInv}
   (Okawaru gifted it to you in an ice cave)

   It inflicts extra damage upon your enemies.
   It affects your strength (+4).
   It protects you from cold.
   It lets you see invisible.
 s - a +1 war axe of venom (weapon)
Missiles
 e - 9 boomerangs (quivered)
Armour
 c - a +0 kite shield (worn)
 r - a +0 helmet (worn)
 z - a +0 pair of gloves (worn)
 C - a +0 plate armour (worn)
 J - a +0 cloak (worn)
Jewellery
 p - a +4 ring of strength (left hand)
 F - a cursed ring of positive energy (right hand)
 K - an amulet of regeneration (around neck)
Wands
 a - a wand of enslavement (9)
 i - a wand of polymorph (8)
 j - a wand of flame (18)
 v - a wand of paralysis (30)
 G - a wand of disintegration (8)
 I - a wand of iceblast (20)
Scrolls
 d - 2 scrolls of amnesia
 g - 4 scrolls of teleportation
 h - 3 scrolls of noise {unknown}
 k - a scroll of fog {unknown}
 l - 4 scrolls of immolation
 m - 6 scrolls of magic mapping
 n - 4 scrolls of identify
 t - 4 scrolls of remove curse
 u - 3 scrolls of enchant weapon {unknown}
 w - 2 scrolls of blinking {unknown}
 y - a scroll of random uselessness {unknown}
 A - a scroll of enchant armour {unknown}
Potions
 b - a potion of brilliance
 q - a potion of magic {unknown}
 x - 4 potions of heal wounds
 B - a potion of invisibility {unknown}
 D - 3 potions of curing
 M - 2 potions of might
 O - 3 potions of mutation
Books
 E - a manual of Charms
Comestibles
 f - 16 rations
 L - 21 chunks of flesh


   Skills:
 * Level 8.6(13.6) Fighting
 + Level 12.3(17.3) Axes
 + Level 0.7(5.7) Throwing
 * Level 9.0(14.0) Armour
 + Level 1.6(6.6) Dodging
 * Level 9.4(14.4) Shields
 * Level 3.8 Spellcasting
 * Level 7.8 Charms
 * Level 6.5 Invocations
 + Level 4.6 Evocations


You had 18 spell levels left.
You didn't know any spells.
Your spell library contained the following spells:

 Spells                   Type           Power        Failure   Level  Hunger
 Animate Skeleton         Necr           N/A          88%         1    #......
 Pain                     Necr           #...         88%         1    #......
 Vampiric Draining        Necr           #.........   99%         3    ###....
 Animate Dead             Necr           N/A          100%        4    #####..
 Agony                    Necr           #.......     100%        5    ######.


Dungeon Overview and Level Annotations

Branches:
Dungeon (11/15)            Temple (1/1) D:7            Lair (0/6) D:10
    Orc (1/2) D:9           IceCv (1/1)

Altars:
Ashenzari
Cheibriados
Dithmenos
Elyvilon
Fedhas
Gozag
Hepliaklqana
Kikubaaqudgha
Makhleb
Nemelex Xobeh
Okawaru
Qazlal
Ru
Sif Muna
Trog
Uskayaw
Vehumet
Wu Jian
Xom
Yredelemnul
Zin
The Shining One

Annotations:
D:4 3 runed translucent doors, Zanatoz's ghost, amateur DDEE
D:6 Prince Ribbit IceCv exclusion: ice statue


Innate Abilities, Weirdness & Mutations

Your flesh is heat resistant. (rF+)
You passively map a small area around you.
Your muscles are strong. (Str +2)
You evolve.


Message History

You feel forgetful for a moment. The wolf barely misses you.
The frost giant casts a spell at you. The bolt of cold hits you!!!
The yak closely misses you. You block the yak's attack.
The polar bear bites you! You block the polar bear's attack.
The polar bear closely misses you.
As you read the scroll labeled KEONOUD VAED, it crumbles to dust.
You feel strangely unstable.
It was a scroll of teleportation.
You block the wolf's attack. The frost giant casts a spell at you.
The bolt of cold hits you!!!
* * * LOW HITPOINT WARNING * * *
You block the wolf's attack. The yak misses you.
The yak gores you but does no damage.
The polar bear goes berserk!
You are confused.
You feel invigorated. The wolf bites you.
* * * LOW HITPOINT WARNING * * *
The frost giant gestures at you while chanting.
The bolt of cold hits you!!!
Ouch! That really hurt!
You die...

###..## ##.. **** ##≈##..# ###
*≈≈** #≈≈*##.##
*≈≈≈*******###≈≈##.#.#
*≈≈≈≈≈≈≈≈≈≈≈≈≈≈≈≈≈..##
**≈≈≈≈≈≈≈≈≈≈≈≈≈≈≈≈°##
*≈≈≈****#########°≈≈###
******,,......Y#.≈≈≈≈≈#*
**,,,,......h@###≈≈≈≈#*
**,,,,,..###.CYhh##≈≈≈≈#*******
*,,,*,,,,,,##.h...####≈≈≈≈**≈≈≈
*,,,*,,,,,,,#.......**###≈≈≈≈≈≈
*,,,**,,,,,*#........# **≈≈≈≈≈
**,,,***,,**........## *****≈
***,,,****,.......## ****** **
**,,,,,,......###***,,,,***
****,,,,,,,,,****,,,*,,,,**


You could see a frost giant, 2 polar bears, 2 yaks and 2 wolves.

Vanquished Creatures
  Harold (D:7)
  Sonja (D:10)
  An ugly thing (D:11)
  Maggie (D:6)
  A merfolk (D:11)
  8 polar bears
  A hippogriff (D:7)
  A hornet (D:11)
  A spriggan (D:11)
  A wyvern (D:10)
  9 yaks
  4 vampire mosquitoes
  Edmund (D:6)
  4 porcupines (D:10)
  Duvessa (D:6)
  5 orc warriors
  4 phantoms (D:9)
  10 ice beasts
  A black bear (D:10)
  2 ogres
  A necrophage (D:9)
  4 sky beasts
  5 centaurs
  5 wolves (IceCv)
  A crocodile (D:10)
  A big kobold (D:10)
  6 bullfrogs
  Dowan (D:6)
  2 scorpions
  21 killer bees
  A troll zombie (D:9)
  A howler monkey (D:10)
  9 crimson imps
  3 bullfrog zombies
  3 quasits
  A centaur zombie (D:5)
  A jelly (D:10)
  2 hounds (D:10)
  19 orc wizards
  2 bullfrog skeletons
  8 orc priests
  2 iguanas
  4 worker ants
  Natasha (thrice) (D:2)
  A killer bee zombie (D:5)
  5 ogre zombies (D:9)
  2 hound zombies (D:5)
  2 hound skeletons
  A howler monkey zombie (D:5)
  3 worker ant zombies
  8 gnolls
  A howler monkey skeleton (D:4)
  8 adders
  3 shadow imps
  2 oozes
  An adder zombie (D:5)
  4 adder skeletons
  2 worms
  7 leopard geckos
  35 orcs
  A ball python (D:1)
  5 giant cockroaches
  9 goblins
  5 hobgoblins
  12 jackals
  16 kobolds
  6 quokkas
  7 bats
  3 frilled lizards
  A giant cockroach zombie (D:5)
  2 goblin skeletons (D:9)
  3 goblin zombies (D:9)
  A hobgoblin skeleton (D:9)
  A jackal skeleton (D:5)
  A leopard gecko skeleton (D:6)
  2 leopard gecko zombies (D:5)
  4 orc skeletons (D:9)
  9 orc zombies (D:9)
  A quokka skeleton (D:4)
  5 rats
  3 fungi (D:10)
  6 plants (D:10)
352 creatures vanquished.

Vanquished Creatures (others)
  An orc wizard (D:5)
  18 fungi (D:10)
  8 plants (D:10)
27 creatures vanquished.

Grand Total: 379 creatures vanquished

Notes
Turn   | Place    | Note
-------+----------+-------------------------------------------
     0 | D:1      | Error4North the Hill Orc Fighter began the quest for the
                  | Orb.
     0 | D:1      | Reached XP level 1. HP: 19/19 MP: 1/1
   374 | D:1      | Reached XP level 2. HP: 24/27 MP: 2/2
   488 | D:1      | Reached skill level 3 in Axes
  1103 | D:2      | Reached XP level 3. HP: 29/33 MP: 3/3
  1147 | D:2      | Found a white marble altar of Elyvilon.
  1251 | D:2      | Noticed Natasha
  1266 | D:2      | Killed Natasha
  1266 | D:2      | Reached XP level 4. HP: 28/40 MP: 4/4
  1376 | D:2      | Reached skill level 4 in Axes
  1454 | D:2      | Noticed Natasha
  1471 | D:2      | Killed Natasha
  1541 | D:2      | Noticed Natasha
  1546 | D:2      | Killed Natasha
  1546 | D:2      | Reached XP level 5. HP: 39/47 MP: 5/5
  1930 | D:3      | HP: 2/47 [gnoll/+0 halberd (7)]
  2955 | D:4      | Noticed an orc warrior
  2974 | D:3      | Killed an orc warrior
  2974 | D:3      | Reached skill level 5 in Axes
  2974 | D:3      | Reached XP level 6. HP: 22/53 MP: 6/6
  3213 | D:4      | Found a runed translucent gate.
  3213 | D:4      | Found a runed translucent gate.
  3213 | D:4      | Noticed Zanatoz's ghost (amateur DDEE)
  3229 | D:4      | Found a runed translucent gate.
  3314 | D:4      | Reached skill level 5 in Armour
  3317 | D:4      | Reached skill level 5 in Fighting
  3317 | D:4      | Reached skill level 5 in Shields
  3317 | D:4      | Reached XP level 7. HP: 58/61 MP: 7/7
  3523 | D:4      | Reached skill level 6 in Axes
  3789 | D:5      | Entered Level 5 of the Dungeon
  4030 | D:5      | Found an iron altar of Okawaru.
  4051 | D:5      | Became a worshipper of Warmaster Okawaru
  4093 | D:5      | Found an ornate altar of the Wu Jian Council.
  4098 | D:5      | Reached XP level 8. HP: 65/69 MP: 8/8
  4119 | D:5      | Reached skill level 7 in Axes
  4132 | D:5      | Found a shimmering altar of Xom.
  4174 | D:5      | Reached skill level 1 in Dodging
  4390 | D:5      | Reached * piety under Okawaru
  5055 | D:6      | Noticed Edmund
  5072 | D:6      | Killed Edmund
  5072 | D:6      | Reached skill level 8 in Axes
  5073 | D:6      | Reached skill level 1 in Charms
  5073 | D:6      | Reached skill level 1 in Invocations
  5147 | D:6      | HP: 2/70 [ogre/+0 giant club (26)]
  5376 | D:6      | Reached skill level 1 in Evocations
  5482 | D:6      | Noticed Duvessa
  5482 | D:6      | Noticed Dowan
  5488 | D:6      | Killed Duvessa
  5488 | D:6      | Reached ** piety under Okawaru
  5488 | D:6      | Reached XP level 9. HP: 30/75 MP: 10/10
  5495 | D:6      | Killed Dowan
  5714 | D:6      | Noticed Maggie
  5738 | D:6      | Killed Maggie
  5738 | D:6      | Reached skill level 1 in Spellcasting
  5981 | D:6      | Found a glowing silver altar of Zin.
  6142 | D:6      | Noticed Prince Ribbit
  6511 | D:7      | Found a staircase to the Ecumenical Temple.
  6520 | Temple   | Entered the Ecumenical Temple
  6633 | D:7      | Noticed Harold
  6654 | D:7      | Killed Harold
  6654 | D:7      | Reached skill level 9 in Axes
  6864 | D:7      | Reached XP level 10. HP: 83/86 MP: 12/12
  7449 | D:7      | Reached *** piety under Okawaru
  7464 | D:7      | Found a radiant altar of Vehumet.
  8048 | D:8      | Found a bloodstained altar of Trog.
  8048 | D:8      | Found a basalt altar of Yredelemnul.
  8216 | D:9      | Found a stormy altar of Qazlal.
  8280 | D:9      | Reached skill level 10 in Axes
  8289 | D:9      | Reached skill level 5 in Charms
  8428 | D:9      | Found a staircase to the Orcish Mines.
  8504 | D:9      | Reached **** piety under Okawaru
  9566 | Orc:1    | Entered Level 1 of the Orcish Mines
  9566 | Orc:1    | Noticed an orc sorcerer
  9569 | Orc:1    | Noticed a soul eater
  9571 | Orc:1    | Noticed a cyclops
  9669 | D:10     | Entered Level 10 of the Dungeon
  9687 | D:10     | Noticed Sonja
 10157 | D:9      | Upgraded the game from 0.25-a0-781-gc44aebf4fe to
                  | 0.25-a0-785-gb22c70e859
 10181 | D:9      | Reached XP level 11. HP: 55/93 MP: 13/15
 10393 | D:10     | Killed Sonja
 10393 | D:10     | Received a gift from Okawaru
 10393 | D:10     | Reached skill level 11 in Axes
 10393 | D:10     | Reached skill level 5 in Invocations
 10497 | D:10     | Found a staircase to the Lair.
 11166 | D:10     | Reached ***** piety under Okawaru
 11221 | D:10     | Upgraded the game from 0.25-a0-785-gb22c70e859 to
                  | 0.25-a0-804-g50c693f418
 11386 | D:11     | Noticed a purple ugly thing
 11402 | D:11     | Killed a purple ugly thing
 11402 | D:11     | Received a gift from Okawaru
 11524 | D:11     | Found a frozen archway.
 11543 | D:11     | Reached skill level 12 in Axes
 11561 | IceCv    | Entered an ice cave
 11571 | IceCv    | Received a gift from Okawaru
 11596 | IceCv    | Got a steaming executioner's axe {god gift}
 11597 | IceCv    | Identified the +6 executioner's axe of Jutumuit {vorpal,
                  | rC+ Str+4 SInv} (Okawaru gifted it to you in an ice cave)
 11622 | IceCv    | Reached XP level 12. HP: 75/103 MP: 15/17
 11765 | IceCv    | Noticed a frost giant
 11775 | IceCv    | Gained mutation: You passively map a small area around you.
                  | [potion of mutation]
 11775 | IceCv    | Gained mutation: Your muscles are strong. (Str +2) [potion
                  | of mutation]
 11775 | IceCv    | Gained mutation: You evolve. [potion of mutation]
 11775 | IceCv    | Gained mutation: Your flesh is heat resistant. (rF+)
                  | [potion of mutation]
 11781 | IceCv    | Killed from afar by a frost giant

Levels and vault maps discovered:
D:1:      heliophobic_arrival_dark_side_of_the_moon, layout_loops_ring
D:2:      layout_loops_ring, elyvilon_altar_1, first_ration, uniq_natasha
D:3:      layout_loops_ring
D:4:      layout_rooms, gammafunk_ghost_split, solitary_fountain,
          grunt_ministairs_2, kennysheep_nondescript
D:5:      layout_loops_corners, old_standard_altar, okawaru_ov_weapons_minmay,
          basic_altar, serial_undead, serial_undead_b, serial_undead_e,
          serial_undead_b, serial_undead_d, minmay_manual_monstrance
D:6:      layout_basic, lemuel_crystal_altar, uniq_maggie, uniq_duvessa,
          uniq_edmund, uniq_prince_ribbit1
D:7:      layout_basic, nicolae_overflow_hidden_temple,
          minmay_temple_entry_overgrown, minmay_misc_feat_roman, uniq_harold
D:8:      layout_rooms, gammafunk_temple_overflow_elements
D:9:      layout_layer_cave, nicolae_qazlal_general_emergency, zombieorc1_lemuel
D:10:     layout_cross, due_lair_maze_entry_diamond, uniq_sonja
D:11:     layout_rooms, serial_ice, serial_ice_a, serial_ice_j, serial_ice_f,
          serial_ice_g, serial_ice_b, portal_ice_cave_entry_ice_beasts,
          hangedman_stone_soup
Temple:   zaba_magenta_temple
Orc:1:    layout_diamond_mine, mines5_lemuel
IceCv:    ice_cave_small_giant

Skill      XL: |  1  2  3  4  5  6  7  8  9 10 11 12 |
---------------+-------------------------------------+-----
Axes           | 3 4 5 6 8 9 10 12 | 12.3
Fighting       | 4 5 6 7 8 |  8.6
Shields        | 4 5 6 7 8 9 |  9.4
Armour         | 4 5 6 7 8 9 |  9.0
Dodging        | 1 |  1.6
Charms         | 1 4 6 7 |  7.8
Invocations    | 1 3 4 6 |  6.5
Evocations     | 1 3 4 |  4.6
Spellcasting   | 1 2 3 |  3.8
Throwing       | |  0.7

Action                   |  1- 3 |  4- 6 |  7- 9 | 10-12 || total
-------------------------+-------+-------+-------+-------++-------
Melee: War axe           |   107 |   173 |   407 |   539 ||  1226
       Executioner's axe |       |       |       |    14 ||    14
Throw: Boomerang         |       |       |     4 |    37 ||    41
Invok: Heroism           |       |       |     6 |    13 ||    19
       Finesse           |       |       |       |     2 ||     2
Evoke: Wand              |       |       |     1 |       ||     1
  Use: Scroll            |       |     4 |       |     5 ||     9
       Potion            |       |     6 |     7 |     6 ||    19
  Eat: Chunk             |     1 |     7 |     5 |    10 ||    23
       Ration            |       |       |     2 |     2 ||     4
Armor: Scale mail        |    12 |       |       |       ||    12
       Chain mail        |    50 |   105 |   205 |    47 ||   407
       Skin              |       |    15 |       |       ||    15
       Plate armour      |       |       |       |   297 ||   297
Dodge: Dodged            |    27 |    45 |   127 |   179 ||   378
Block: Kite shield       |    61 |   106 |   236 |   390 ||   793

Table legend:
 A = Non-vault XP
 B = Vault XP
 C = Vault XP percentage of total XP
 D = Non-vault monster count
 E = Vault monster count
 F = Vault count percentage of total count
                 A         B        C        D         E       F
            +---------+---------+-------+---------+---------+-------
      Total |    9975 |   10187 |  50.5 |     251 |      93 |  27.0
            +---------+---------+-------+---------+---------+-------
        D:1 |      26 |       0 |   0.0 |      16 |       0 |   0.0
        D:2 |     137 |      33 |  19.4 |      24 |       1 |   4.0
        D:3 |      97 |     144 |  59.8 |      19 |       2 |   9.5
        D:4 |     293 |      51 |  14.8 |      21 |       4 |  16.0
        D:5 |     756 |     277 |  26.8 |      29 |      14 |  32.6
        D:6 |     503 |     799 |  61.4 |      16 |       4 |  20.0
        D:7 |    1318 |    1039 |  44.1 |      21 |       1 |   4.5
        D:8 |     778 |       0 |   0.0 |      19 |       0 |   0.0
        D:9 |    1543 |     584 |  27.5 |      23 |      28 |  54.9
       D:10 |    3434 |    1897 |  35.6 |      55 |      10 |  15.4
       D:11 |    1087 |    1882 |  63.4 |       7 |      13 |  65.0
      Orc:1 |       3 |       0 |   0.0 |       1 |       0 |   0.0
      IceCv |       0 |    3481 | 100.0 |       0 |      16 | 100.0
            +---------+---------+-------+---------+---------+-------
